 Dungeon Sprint DCSS version 0.31-a0-859-g9dce7d3444 (webtiles) character file.

Game seed: 12017662779017675330

2128 sircluck the Grappler (level 9, -20/153 HPs)
             Began as a Troll Berserker on Oct 9, 2023.
             Was an Elder of Trog.
             Demolished by a lorocyproca (36 damage)
             ... in the Dungeon (Sprint I: "Red Sonja").
             The game lasted 00:01:31 (489 turns).

sircluck the Grappler (Troll Berserker)              Turns: 489, Time: 00:01:31

Health: -20/153    AC:  4    Str: 31    XL:     9   Next: 8%
Magic:  0/8        EV: 12    Int:  3    God:    Trog [****..]
Gold:   443        SH:  0    Dex:  9    Spells: 8/8 levels left

rFire   . .          .
                       - Unarmed
rCold   . . .        (no shield)
rNeg    . . .        a - +0 animal skin
rPois   .            (helmet restricted)
rElec   .            (no cloak)
rCorr   .            (gloves unavailable)
SInv    .            (boots unavailable)
Will    .....        (no amulet) Stlth
                     (no ring)
HPRegen 1.25/turn    (no ring)
MPRegen 0.11/turn

%: no teleportation
@: berserking, very quick
A: large, unfitting armour, claws 3, regeneration 1, shaggy fur 1, tough skin 1
a: Renounce Religion, Berserk, Trog's Hand, Brothers in Arms


You were in the Dungeon.
You worshipped Trog.
Trog was greatly pleased with you.
You visited 1 branch You collected 443 gold pieces.

Inventory:

Missiles
 i - 6 poisoned darts
Armour
 a - a +0 animal skin (worn)
Wands
 h - a wand of quicksilver (5)
Scrolls
 g - a scroll of blinking
Potions
 b - a potion of curing
 c - a potion of heal wounds
 d - a potion of haste
 e - 2 potions of magic
 f - a potion of berserk rage


   Skills:
 + Level 10.5 Fighting
 + Level 10.4 Dodging
 + Level 12.3 Unarmed Combat


You had 8 spell levels left.
You didn't know any spells.
Your spell library was empty.

Dungeon Overview and Level Annotations

Branches:
Dungeon (1/1)

Altars:
Cheibriados
Dithmenos
Elyvilon
Fedhas
Gozag
Hepliaklqana
Kikubaaqudgha
Makhleb
Nemelex Xobeh
Okawaru
Qazlal
Ru
Sif Muna
Trog
Uskayaw
Vehumet
Wu Jian
Xom
Yredelemnul
Zin
The Shining One
Jiyva
Lugonu

Shops:
D :


Innate Abilities, Weirdness & Mutations

You are too large for most types of armour.
You have claws for hands.
Your natural rate of healing is unusually fast.
You are covered in fur. (AC +1)
You have tough skin. (AC +1)


Message History

The demonic crawler hits you but does no damage. x2
There is an open door, spattered with blood here.
You claw the demonic crawler! Your claw misses the demonic crawler.
The demonic crawler is moderately wounded.
The demonic crawler barely misses you. x2; The demonic crawler hits you!
A red film seems to cover your vision as you go berserk!
You feel yourself moving faster!
You feel mighty! The demonic crawler hits you! x2
The demonic crawler closely misses you. The demonic crawler hits you!
The demonic crawler barely misses you. The demonic crawler misses you.
Something hits you!!
You feel your power leaking away.
Deactivating autopickup; reactivate with Ctrl-A.
Unknown command.
Unknown command.
You claw the demonic crawler!
The demonic crawler is lightly wounded.
You mangle the demonic crawler!!
The demonic crawler is heavily wounded.
The demonic crawler closely misses you. The demonic crawler barely misses you.
The demonic crawler hits you!
* * * LOW HITPOINT WARNING * * *
Something hits you!
* * * LOW HITPOINT WARNING * * *
You feel your power leaking away.
Unknown command.
Unknown command.
You claw the demonic crawler!
The demonic crawler is severely wounded.
The demonic crawler hits you!
* * * LOW HITPOINT WARNING * * *
The demonic crawler hits you but does no damage.
The demonic crawler barely misses you.
Unknown command.
Unknown command.
Unknown command.
You mangle the demonic crawler!!
You kill the demonic crawler!
Trog accepts your kill. Something hits you!!!
You die...

#####################
.').#..'..#__#..@...#
.#..').#..'..').#{..##+#
###'#####'#__####...'.§#
##..#...#§####..#####..'§#
_####..##§#§§§.§# °####
____##'#_.')§§§§+ .○
.∩...'...§#~~~.§# ...
..__##_.#'##+#### #.☼○
____###+#.# ...#


There were no monsters in sight!

Vanquished Creatures
  2 centaur warriors (D)
  A demonic crawler (D)
  A kobold demonologist (D)
  A slime creature (D)
  Sigmund (D)
  A yak (D)
  A floating eye (D)
  An ogre (D)
  A jelly (D)
  Ijyb (D)
11 creatures vanquished.

Notes
Turn   | Place    | Note
-------+----------+-------------------------------------------
     0 | D        | sircluck the Troll Berserker began the quest for the Orb.
     0 | D        | Reached XP level 1. HP: 22/22 MP: 0/0
     1 | D        | Noticed Ijyb
     8 | D        | Killed Ijyb
     9 | D        | Reached skill level 4 in Unarmed Combat
     9 | D        | Reached XP level 2. HP: 21/32 MP: 1/1
    20 | D        | Noticed an ogre
    26 | D        | Killed an ogre
    27 | D        | Reached skill level 5 in Fighting
    27 | D        | Reached skill level 5 in Dodging
    27 | D        | Reached skill level 6 in Unarmed Combat
    27 | D        | Reached XP level 3. HP: 10/42 MP: 2/2
    27 | D        | Reached XP level 4. HP: 12/50 MP: 3/3
    72 | D        | Noticed Sigmund
    83 | D        | Killed Sigmund
    83 | D        | Reached ** piety under Trog
    84 | D        | Reached skill level 7 in Unarmed Combat
    84 | D        | Reached XP level 5. HP: 20/61 MP: 4/4
   133 | D        | Found an ornate altar of the Wu Jian Council.
   133 | D        | Found a shimmering blue altar of Sif Muna.
   135 | D        | Found a radiant altar of Vehumet.
   140 | D        | Reached XP level 6. HP: 51/68 MP: 5/5
   154 | D        | Found a burning altar of Makhleb.
   154 | D        | Found a viscous altar of Jiyva.
   154 | D        | Found a shimmering altar of Xom.
   154 | D        | Found a corrupted altar of Lugonu.
   154 | D        | Noticed a slime creature
   163 | D        | Killed a slime creature
   164 | D        | Reached skill level 8 in Unarmed Combat
   182 | D        | Noticed a kobold demonologist
   182 | D        | Noticed a floating eye
   183 | D        | Noticed a ynoxinul
   189 | D        | Noticed a kobold demonologist
   189 | D        | Noticed a demonic crawler
   189 | D        | Noticed a demonic crawler
   189 | D        | Noticed a demonic crawler
   189 | D        | Noticed a demonic crawler
   190 | D        | Paralysed by a floating eye for 4 turns
   196 | D        | Killed a kobold demonologist
   196 | D        | Reached *** piety under Trog
   197 | D        | Reached skill level 9 in Unarmed Combat
   197 | D        | Reached XP level 7. HP: 76/81 MP: 6/6
   199 | D        | Reached skill level 10 in Unarmed Combat
   333 | D        | Found Peamoff's Book Emporium.
   333 | D        | Found an ancient bone altar of Kikubaaqudgha.
   333 | D        | Found a hazy altar of Hepliaklqana.
   333 | D        | Found a hide-covered altar of Uskayaw.
   333 | D        | Found a basalt altar of Yredelemnul.
   333 | D        | Found an opulent altar of Gozag.
   333 | D        | Found a snail-covered altar of Cheibriados.
   333 | D        | Found a sacrificial altar of Ru.
   333 | D        | Found a shadowy altar of Dithmenos.
   333 | D        | Noticed a yak
   338 | D        | Killed a yak
   368 | D        | Found a stormy altar of Qazlal.
   368 | D        | Found a blossoming altar of Fedhas.
   368 | D        | Found a bloodstained altar of Trog.
   368 | D        | Found an iron altar of Okawaru.
   368 | D        | Found a glowing golden altar of the Shining One.
   368 | D        | Found a glowing silver altar of Zin.
   368 | D        | Found a white marble altar of Elyvilon.
   369 | D        | Found a sparkling altar of Nemelex Xobeh.
   381 | D        | Noticed a centaur warrior
   386 | D        | Noticed a centaur warrior
   393 | D        | Killed a centaur warrior
   393 | D        | Reached **** piety under Trog
   394 | D        | Reached skill level 11 in Unarmed Combat
   394 | D        | Reached XP level 8. HP: 76/93 MP: 7/7
   396 | D        | Killed a centaur warrior
   397 | D        | Reached skill level 10 in Fighting
   397 | D        | Reached skill level 10 in Dodging
   397 | D        | Reached skill level 12 in Unarmed Combat
   397 | D        | Reached XP level 9. HP: 78/102 MP: 8/8
   489 | D        | Killed a demonic crawler
   489 | D        | Demolished by a lorocyproca

Illustrated notes

Levels and vault maps discovered:
D:        dungeon_sprint_1 [red_sonja_temple_1, red_sonja_temple_small_1]

Skill      XL: |  1  2  3  4  5  6  7  8 |
---------------+-------------------------+-----
Fighting       | 3 5 6 8 9 10 | 10.5
Dodging        | 3 5 6 8 9 10 | 10.4
Unarmed Combat | 4 6 7 9 11 12 | 12.3

Action                     |  1- 3 |  4- 6 |  7- 9 || total
---------------------------+-------+-------+-------++-------
  Melee: Unarmed           |     9 |    19 |    20 ||    48
         Punch             |     1 |     1 |       ||     2
 Invoke: Berserk           |       |       |     2 ||     2
 Armour: Animal skin       |     3 |    18 |    27 ||    48
  Dodge: Dodged            |     4 |    10 |    17 ||    31

Table legend: (Time is in decaauts)
 A = Elapsed time spent in this place.
 B = Non-inter-level travel time spent in this place.
 C = Inter-level travel time spent in this place.
 D = Time resting spent in this place.
 E = Time spent auto-exploring this place.
 F = Levels seen in this place.
 G = Mean time per level.
                   A        B        C        D        E       F      G
               +--------+--------+--------+--------+--------+-----+--------+
         Total |    492 |    492 |      0 |    171 |    164 |   1 |  492.0 |
       Dungeon |    492 |    492 |      0 |    171 |    164 |   1 |  492.0 |
               +--------+--------+--------+--------+--------+-----+--------+

Top non-repeatable levels by time:
       D: 492 daAuts
